 Dungeon Crawl Stone Soup version 0.26.1-11-gd32895ea62 (webtiles) character file.

Game seed: 16284507871052652053

50 DildoBatman the Conjurer (level 4, -2/30 HPs)
             Began as a Formicid Conjurer on June 20, 2021.
             Slain by an adder (3 damage)
             ... on level 2 of the Dungeon.
             The game lasted 00:03:33 (1381 turns).

DildoBatman the Conjurer (Formicid Conjurer)        Turns: 1381, Time: 00:03:34

Health: -2/30      AC:  2    Str: 12    XL:     4   Next: 4%
Magic:  3/7        EV: 12    Int: 17    God:
Gold:   52         SH:  0    Dex: 10    Spells: 4/7 levels left

rFire    . . .     SeeInvis +   c - +0 short sword
rCold    . . .     Faith    .   (no shield)
rNeg     . . .     Spirit   .   a - +0 robe
rPois    .         Reflect  .   (helmet unavailable)
rElec    .         Harm     .   (no cloak)
rCorr    .         Rampage  .   (no gloves)
Will     .....                  (no boots)
Stlth    ++........             (no amulet)
HPRegen  0.10/turn              k - ring of flight (curse)
MPRegen  0.10/turn              (no ring)

@: lethally poisoned (-2 -> -5)
A: permanent stasis, dig shafts and tunnels, four strong arms, antennae 3
a: Dig, Shaft Self, Evoke Flight


You were on level 2 of the Dungeon.
You visited 1 branch of the dungeon, and saw 2 of its levels.

You collected 52 gold pieces.

Inventory:

Hand Weapons
 c - a +0 short sword (weapon)
 f - a +0 hunting sling
Missiles
 h - 26 stones
 i - 24 arrows
Armour
 a - a +0 robe (worn)
Jewellery
 k - a cursed ring of flight (left hand)
Scrolls
 b - 2 scrolls of magic mapping {unknown}
 e - 2 scrolls of blinking {unknown}
 g - 2 scrolls of identify {unknown}
 j - a scroll of immolation {unknown}
Potions
 d - a potion of lignification {unknown}


   Skills:
 - Level 1.7 Dodging
 - Level 2.4 Stealth
 - Level 2.1 Spellcasting
 * Level 4.9 Conjurations


You had 4 spell levels left.
You knew the following spells:

 Your Spells              Type           Power        Failure   Level
a - Searing Ray           Conj           36%          3%          2
c - Magic Dart            Conj           72%          2%          1

Your spell library contained the following spells:

 Spells                   Type           Power        Failure   Level
 Dazzling Flash           Conj/Hex       20%          22%         3
 Fulminant Prism          Conj/Hex       5%           56%         4
 Iskenderun's Mystic Bla  Conj/Tloc      10%          56%         4


Dungeon Overview and Level Annotations

Branches:
Dungeon (2/15)

Altars:

Annotations:
D:1 Robin


Innate Abilities, Weirdness & Mutations

You cannot be hasted, slowed, berserked, paralysed or teleported.
You can dig through walls and to a lower floor.
Your four strong arms can wield two-handed weapons with a shield.
You have a pair of large antennae on your head. (SInv)


Message History

g - Guard the area. f - Follow me.
Anything else - Cancel.
You shout for attention!
The bat hits you but does no damage. The goblin hits you.
The bat hits you but does no damage. The goblin hits you but does no damage.
The worm bites you. The hobgoblin barely misses you.
What are your orders? t - Shout!
Orders for allies: a - Attack new target. r - Retreat! s - Stop attacking. g - Guard the area. f - Follow me.
Anything else - Cancel.
You shout for attention!
The bat hits you. The goblin barely misses you. The adder bites you.
You die...

##...##
#......#.g.#
.#......#.S.#
....?g.##)##
#.....##{#
##......#.#
#...b...#.# .#
#....gg.#g#..#
#....@g......#
##..w.S..###!#
##......# ..
#....###...
... {..###
####.. .# ###
## #


You could see a worm, an adder, 3 hobgoblins, 2 goblins and a bat.

Vanquished Creatures
  An adder (D:2)
  2 leopard geckos (D:1)
  2 ball pythons (D:1)
  A bat (D:1)
  A giant cockroach (D:1)
  10 goblins
  6 hobgoblins
  2 jackals (D:1)
  A quokka (D:2)
  A frilled lizard (D:1)
  3 kobolds (D:1)
  5 rats
35 creatures vanquished.

Notes
Turn   | Place    | Note
-------+----------+-------------------------------------------
     0 | D:1      | DildoBatman the Formicid Conjurer began the quest for the
                  | Orb.
     0 | D:1      | Reached XP level 1. HP: 13/13 MP: 3/3
   268 | D:1      | Reached skill level 4 in Conjurations
   268 | D:1      | Reached XP level 2. HP: 14/19 MP: 1/5
   271 | D:1      | Learned a level 2 spell: Searing Ray
   771 | D:1      | Reached XP level 3. HP: 24/24 MP: 4/6
  1253 | D:2      | Noticed Robin
  1370 | D:2      | Reached XP level 4. HP: 16/30 MP: 1/7
  1381 | D:2      | HP: 1/30 [bat (1)]
  1381 | D:2      | Slain by an adder

Illustrated notes

Levels and vault maps discovered:
D:1:      sevenhm_arrival_forest_fort_large_1, layout_loops_cross
D:2:      minmay_general_purpose_star, layout_rooms,
          grunt_temple_overflow_gold_and_silver, uniq_robin, uniq_sigmund,
          uniq_crazy_yiuf_cottage

Skill      XL: |  1 |
---------------+----+-----
Conjurations   | 4 |  4.9
Dodging        | |  1.7
Stealth        | |  2.4
Spellcasting   | |  2.1

Action                   |  1- 3 |  4- 6 || total
-------------------------+-------+-------++-------
Melee: Short sword       |    17 |       ||    17
 Cast: Magic Dart        |    54 |       ||    54
       Searing Ray       |     3 |       ||     3
 Abil: Dig               |     5 |       ||     5
Armor: Robe              |    10 |     4 ||    14
Dodge: Dodged            |    39 |     8 ||    47
